 Dungeon Crawl Stone Soup version 0.25-b1-41-g19641232cd (webtiles) character file.

Game seed: 11022261697591220814

1128 grindst0ne the Ducker (level 8, 0/74 HPs)
             Began as a Deep Dwarf Hunter on June 8, 2020.
             Was a Follower of Makhleb.
             Slain by an orc warrior
             ... wielding a +0 glaive
              (23 damage)
             ... on level 5 of the Dungeon.
             The game lasted 00:13:34 (3989 turns).

grindst0ne the Ducker (Deep Dwarf Hunter)           Turns: 3989, Time: 00:13:35

Health: 0/74       AC:  7    Str: 19    XL:     8   Next: 13%
Magic:  6/6        EV: 13    Int:  7    God:    Makhleb [*.....]
Gold:   308        SH:  0    Dex: 13    Spells: 7/7 levels left

rFire    . . .     SeeInvis .   b - +2 dagger (venom)
rCold    . . .     Gourm    .   (no shield)
rNeg     . . .     Faith    +   u - +0 scale mail
rPois    .         Spirit   .   (no helmet)
rElec    .         Reflect  .   (no cloak)
rCorr    .         Harm     .   (no gloves)
MR       +....                  (no boots)
Stlth    ..........             r - amulet of faith
HPRegen  0.00/turn              j - -4 ring of intelligence (curse)
MPRegen  0.10/turn              p - ring of wizardry

@: non-regenerating, lightly drained
A: damage resistance, heal wounds, sense surroundings 1, no regeneration
a: Heal Wounds, Renounce Religion


You were on level 5 of the Dungeon.
You worshipped Makhleb.
Makhleb was aware of your devotion.
You were not hungry.

You visited 2 branches of the dungeon, and saw 6 of its levels.

You collected 308 gold pieces.

Inventory:

Hand Weapons
 a - a +1 hand crossbow
 b - a +2 dagger of venom (weapon)
Missiles
 d - 16 bolts
 i - 7 poisoned darts (quivered)
 A - 8 curare-tipped darts
Armour
 u - a +0 scale mail (worn)
Jewellery
 j - a cursed -4 ring of intelligence (left hand)
 p - a ring of wizardry (right hand)
 r - an amulet of faith (around neck)
 y - an uncursed amulet of regeneration {unknown}
Wands
 c - a wand of random effects (11)
Scrolls
 k - a scroll of magic mapping {unknown}
 l - 2 scrolls of random uselessness {unknown}
 o - a scroll of enchant weapon {unknown}
 q - a scroll of fear {unknown}
 s - 3 scrolls of blinking
 t - a scroll of remove curse {unknown}
 v - a scroll of amnesia {unknown}
 x - 6 scrolls of teleportation
 B - a scroll of enchant armour {unknown}
 C - a scroll of fog
Potions
 e - 3 potions of brilliance
 h - 2 potions of heal wounds
 m - a potion of haste {unknown}
 n - a potion of degeneration {unknown}
 w - a potion of resistance {unknown}
 z - a potion of curing {unknown}
Comestibles
 f - 14 rations
 g - 2 chunks of flesh


   Skills:
 + Level 5.2(5.0) Fighting
 - Level 4.3(4.1) Crossbows
 + Level 5.9(5.7) Armour
 + Level 6.4(6.1) Dodging
 - Level 1.2(1.0) Stealth


You had 7 spell levels left.
You didn't know any spells.
Your spell library was empty.

Dungeon Overview and Level Annotations

Branches:
Dungeon (5/15)             Temple (1/1) D:4

Altars:
Ashenzari
Cheibriados
Dithmenos
Elyvilon
Fedhas
Makhleb
Nemelex Xobeh
Ru
Sif Muna
Wu Jian
Yredelemnul
Zin
The Shining One

Portals:
Abyss: D:5

Annotations:
D:5 2 transporters, Statics's ghost, amateur OpTm


Innate Abilities, Weirdness & Mutations

You are resistant to damage.
You can heal yourself by infusing magical energy.
You passively map a small area around you.
You do not regenerate.


Message History

The orc warrior hits you from afar with a +0 glaive!!
* * * LOW HITPOINT WARNING * * *
The orc wizard mumbles some strange words.
The orc wizard blinks!
Some of the chunks of flesh in your inventory have rotted away.
Evoke which item? (* to show all) (? for menu, Esc to quit)
Aiming: Corrosive Bolt
Press: ? - help, Shift-Dir - straight line, f/p - orc warrior
Aim: an orc warrior, wielding a +0 glaive and wearing a +0 chain mail (lightly wounded)
The bolt of acid hits the orc warrior!
The orc warrior is splashed with acid.
The acid corrodes the orc warrior!
The orc warrior is heavily wounded.
The orc warrior hits you from afar with a +0 glaive!
* * * LOW HITPOINT WARNING * * *
You feel much better.
The orc wizard mumbles some strange words.
The orc wizard blinks!
The orc wizard closely misses you.
You drop a wand of acid (9).
The orc wizard barely misses you.
The orc warrior hits you from afar with a +0 glaive!!
You die...

...#.#.#..............#
...#...+.....#........#
...###.#.....+........#
÷....#.#.....#........#
..##+#...#............#
..#....##.............#
#.#....##.............#
.......##.......#######
#÷.....##......o@.oo###
#......#.........##...###
#......#.###....####....##
#........#g##..##..####o.#
#+#......#.##..#x.#.!.##.#
....#...##.##..##...#..#.#
....#...#..##...#####.##.##
....#...#.^x##....# ,##...#
....#...##.. ###©## , #...#


You could see an orc warrior (corroded), an orc wizard (fast) and 2 orcs.

Vanquished Creatures
  Pikel (D:4)
  An ogre (D:4)
  2 hounds (D:5)
  3 orc priests (D:4)
  A bullfrog skeleton (D:4)
  2 iguanas (D:4)
  3 orc wizards
  Natasha (twice) (D:4)
  4 gnolls (D:2)
  6 adders
  An ooze (D:2)
  3 worms
  8 dart slugs
  3 leopard geckos
  20 orcs
  7 giant cockroaches
  6 hobgoblins
  A jackal (D:2)
  4 kobolds
  4 quokkas
  2 ball pythons
  11 bats
  4 frilled lizards
  8 goblins
  A jackal skeleton (D:4)
  A leopard gecko skeleton (D:4)
  10 rats
119 creatures vanquished.

Vanquished Creatures (others)
  A slave (D:5)
  An iguana (D:4)
  Natasha (D:4)
  A worker ant (D:4)
  A gnoll (D:5)
  An adder (D:5)
  An orc (D:5)
  A quokka (D:4)
  A frilled lizard (D:4)
9 creatures vanquished.

Grand Total: 128 creatures vanquished

Notes
Turn   | Place    | Note
-------+----------+-------------------------------------------
     0 | D:1      | grindst0ne the Deep Dwarf Hunter began the quest for the
                  | Orb.
     0 | D:1      | Reached XP level 1. HP: 19/19 MP: 1/1
   152 | D:1      | Reached skill level 1 in Armour
   152 | D:1      | Reached XP level 2. HP: 23/26 MP: 2/2
   478 | D:1      | Reached XP level 3. HP: 10/32 MP: 3/3
   798 | D:2      | Reached skill level 3 in Dodging
  1065 | D:2      | Found a sacrificial altar of Ru.
  1078 | D:2      | Reached XP level 4. HP: 35/40 MP: 3/3
  1149 | D:2      | You fall into a shaft and drop 2 floors!
  1273 | D:3      | Reached XP level 5. HP: 38/49 MP: 4/4
  1831 | D:2      | Reached skill level 4 in Dodging
  2542 | D:4      | Noticed Pikel
  2542 | D:4      | Noticed a slave
  2542 | D:4      | Noticed a slave
  2542 | D:4      | Noticed a slave
  2586 | D:4      | Killed Pikel
  2586 | D:4      | Reached skill level 5 in Dodging
  2586 | D:4      | Reached XP level 6. HP: 41/58 MP: 4/4
  2586 | D:4      | Reached XP level 7. HP: 46/66 MP: 5/5
  2642 | D:4      | Reached skill level 5 in Armour
  2920 | D:4      | Noticed Natasha
  2933 | D:4      | Killed Natasha
  2933 | D:4      | Reached skill level 6 in Dodging
  3117 | D:4      | Found a staircase to the Ecumenical Temple.
  3144 | Temple   | Entered the Ecumenical Temple
  3152 | Temple   | Became a worshipper of Makhleb the Destroyer
  3173 | D:4      | Found a snail-covered altar of Cheibriados.
  3197 | D:4      | Reached skill level 5 in Fighting
  3276 | D:4      | Reached XP level 8. HP: 49/74 MP: 6/6
  3445 | D:4      | Found a sparkling altar of Nemelex Xobeh.
  3552 | D:4      | Killed Natasha
  3558 | D:4      | Noticed Natasha
  3674 | D:4      | Killed Natasha
  3690 | D:5      | Entered Level 5 of the Dungeon
  3781 | D:5      | Found a transporter.
  3782 | D:5      | Found a transporter.
  3795 | D:5      | Found a one-way gate to the infinite horrors of the Abyss.
  3795 | D:5      | Noticed Statics's ghost (amateur OpTm)
  3822 | D:5      | Noticed an ancient zyme
  3837 | D:5      | Identified the +6 spear "Dureh" {distort, Int+2}
  3954 | D:5      | Reached * piety under Makhleb
  3987 | D:5      | HP: 3/74 [orc warrior/+0 glaive (12)]
  3989 | D:5      | Slain by an orc warrior

Illustrated notes

Levels and vault maps discovered:
D:1:      nzn_arrival_depleted_hourglass, layout_basic
D:2:      layout_loops_corners, nicolae_ru_great_annihilating_truth
D:3:      layout_loops_ring
D:4:      wander_river, layout_loops_cross, kennysheep_slug_shrine,
          minmay_temple_entry_butterflies, nemelex_diamond_rough_becter,
          uniq_pikel, uniq_natasha
D:5:      layout_basic, first_ration, gammafunk_ghost_abyssal_escape,
          minmay_misc_feat_pillars, xom_confusion_cloud
Temple:   compressed_dpeg_triangle_lava_temple

Skill      XL: |  1  2  3  4  5  6  7 |
---------------+----------------------+-----
Fighting       | 2 3 4 5 |  5.2
Armour         | 1 2 4 5 |  5.9
Dodging        | 3 5 6 |  6.4
Crossbows      | |  4.3
Stealth        | |  1.2

Action                   |  1- 3 |  4- 6 |  7- 9 || total
-------------------------+-------+-------+-------++-------
Melee: Short sword       |    27 |       |       ||    27
       Spear             |    14 |       |       ||    14
       Dagger            |    46 |   122 |   136 ||   304
 Fire: Hand crossbow     |    10 |    16 |       ||    26
Throw: Dart              |     2 |       |    12 ||    14
 Abil: Heal Wounds       |     1 |     3 |     5 ||     9
Evoke: Wand              |       |       |     1 ||     1
  Use: Scroll            |       |     4 |     1 ||     5
 Stab: Sleeping          |     2 |       |       ||     2
       Paralysed         |       |     1 |       ||     1
  Eat: Chunk             |     1 |     4 |     5 ||    10
Armor: Leather armour    |    26 |     1 |       ||    27
       Scale mail        |       |    43 |    39 ||    82
Dodge: Dodged            |    60 |    87 |    93 ||   240
